 Dungeon Crawl Stone Soup version 0.22.1-2-g9c5b331383 (webtiles) character file.

49452 Jynx the Bewitcher (level 14, -1/59 HPs)
             Began as a Spriggan Enchanter on Dec 9, 2018.
             Was a High Priest of Ashenzari.
             Slain by a jumping spider (19 damage)
             ... on level 2 of the Spider Nest.
             The game lasted 00:57:29 (22246 turns).

Jynx the Bewitcher (Spriggan Enchanter)            Turns: 22246, Time: 00:57:30

Health: -1/59      AC:  0    Str:  6    XL:     14   Next: 16%
Magic:  5/33       EV: 33    Int: 21    God:    Ashenzari [*****.]
Gold:   1437       SH:  0    Dex: 25    Spells: 23/41 levels left

rFire    . . .     SeeInvis +   F - +5 dagger (venom) (curse)
rCold    + . .     Gourm    .   (shield restricted)
rNeg     + . .     Faith    .   h - +2 robe {MR+} (curse)
rPois    .         Spirit   .   (helmet restricted)
rElec    .         Reflect  .   (no cloak)
rCorr    .         Harm     .   (gloves unavailable)
MR       +++++     Clarity  +   (boots unavailable)
Stlth    +++++++...             B - amulet of the Four Winds {rN+ MR+++ Clar} (curse)
HPRegen  0.19/turn              e - ring of Jarel {rC+ Int+3} (curse)
MPRegen  0.23/turn              E - +5 ring of dexterity (curse)

@: corroded, slightly contaminated, very quick
A: very small, unfitting armour, hooves 1, see invisible, herbivore, speed 3,
slow metabolism 2, strong 1
a: Curse Item, Scrying, Transfer Knowledge, Renounce Religion


You were on level 2 of the Spider Nest.
You worshipped Ashenzari.
Ashenzari was extremely pleased with you.
You were not hungry.

You visited 4 branches of the dungeon, and saw 18 of its levels.
You also visited: Ossuary and Volcano.

You collected 1437 gold pieces.

Inventory:

Hand Weapons
 t - a +1 quick blade of flaming
 F - a cursed +5 dagger of venom (weapon)
Armour
 h - a cursed +2 robe of magic resistance (worn)
 x - a +2 robe of fire resistance
Jewellery
 e - the cursed ring of Jarel (left hand) {rC+ Int+3}
   (You acquired it on level 9 of the Dungeon)

   [ring of protection from cold]

   It affects your intelligence (+3).
   It protects you from cold.
   It has a curse placed upon it.
 g - an uncursed ring of protection from fire
 y - an uncursed ring of protection from fire
 B - the cursed amulet of the Four Winds (around neck) {rN+ MR+++ Clar}
   (You found it on level 2 of the Lair of Beasts)

   [amulet of nothing]

   It protects you from negative energy.
   It affects your resistance to hostile enchantments.
   It protects you against confusion.
   It has a curse placed upon it.
 E - a cursed +5 ring of dexterity (right hand)
 K - an uncursed ring of magical power
Wands
 a - a wand of polymorph (42)
 A - a wand of digging (21)
 I - a wand of flame (29)
Scrolls
 b - 5 scrolls of blinking
 i - 2 scrolls of immolation
 l - 5 scrolls of remove curse
 p - 7 scrolls of teleportation
 s - a scroll of torment
 u - 2 scrolls of magic mapping
 z - a scroll of fear
 D - a scroll of fog
 G - a scroll of enchant armour
 J - 3 scrolls of enchant weapon
Potions
 c - 2 potions of heal wounds
 f - 6 potions of agility
 j - 5 potions of resistance
 k - 3 potions of cancellation
 m - 6 potions of flight
 n - 5 potions of curing
 o - 4 potions of brilliance
 q - a potion of ambrosia {unknown}
 r - 6 potions of lignification
 v - 2 potions of haste {unknown}
 w - a potion of berserk rage {unknown}
 C - 4 potions of magic
 H - 2 potions of might
Miscellaneous
 L - a fan of gales
Comestibles
 d - 13 rations


   Skills:
 - Level 7.9(11.9) Short Blades
 + Level 13.3 Dodging
 + Level 16.7 Stealth
 + Level 14.2 Spellcasting
 * Level 17.0(20.3) Hexes


You had 23 spell levels left.
You knew the following spells:

 Your Spells              Type           Power        Failure   Level  Hunger
a - Corona                Hex            #######      0%          1    None
b - Ensorcelled Hibernat  Hex/Ice        ######       1%          2    None
c - Confuse               Hex            #######.     0%          3    None
d - Tukima's Dance        Hex            #######.     0%          3    None
e - Dazzling Spray        Conj/Hex       ######       1%          3    None
f - Invisibility          Hex            #######.     1%          6    #####..

Your spell library contained the following spells:

 Spells                   Type           Power        Failure   Level  Hunger
 Animate Skeleton         Necr           N/A          3%          1    None
 Apportation              Tloc           ###...       3%          1    None
 Beastly Appendage        Tmut           ###...       3%          1    None
 Pain                     Necr           ###.         3%          1    None
 Summon Butterflies       Summ           ###.....     3%          1    None
 Poisonous Vapours        Pois/Air       ###...       4%          2    None
 Sticks to Snakes         Tmut           ###.....     4%          2    None
 Conjure Flame            Conj/Fire      ###.....     10%         3    None
 Lesser Beckoning         Tloc           ###.......   10%         3    None
 Mephitic Cloud           Conj/Pois/Air  ###.....     10%         3    None
 Regeneration             Chrm/Necr      ###.......   10%         3    None
 Spider Form              Tmut/Pois      ###.......   10%         3    None
 Vampiric Draining        Necr           ###.......   10%         3    None
 Animate Dead             Necr           N/A          32%         4    None
 Ice Form                 Ice/Tmut       ###.....     32%         4    None
 Alistair's Intoxication  Tmut/Pois      ###.....     67%         5    ###....
 Blade Hands              Tmut           ###.......   67%         5    ###....
 Freezing Cloud           Conj/Ice/Air   ###.......   99%         6    #####..
 Ring of Flames           Chrm/Fire      ###.......   100%        7    ######.


Dungeon Overview and Level Annotations

Branches:
Dungeon (9/15)             Temple (1/1) D:4            Lair (6/6) D:9
 Shoals (0/4) Lair:2       Spider (2/4) Lair:3        Slime (0/5) Lair:6
    Orc: D:9-12

Altars:
Ashenzari
Cheibriados
Dithmenos
Elyvilon
Fedhas
Gozag
Hepliaklqana
Kikubaaqudgha
Makhleb
Nemelex Xobeh
Okawaru
Qazlal
Ru
Sif Muna
Trog
Uskayaw
Vehumet
Wu Jian
Xom
Yredelemnul
Zin
The Shining One

Shops:
D:8 [

Annotations:
D:2 1 runed door
D:4 2 transporters
Lair:3 exclusion: 4 oklob plants
Lair:4 exclusion: oklob plant


Innate Abilities, Weirdness & Mutations

You are very small and have problems with some larger weapons.
You are too small for most types of armour.
You have supernaturally acute eyesight. (SInv)
You are a herbivore.
You cover ground extremely quickly.
You need to consume almost no food.
You have large cloven feet.
Your muscles are strong. (Str +2)


Message History

An orb spider comes into view.
You found a web!
The demonic crawler gives a hideous shriek!
You hear an angry hiss. x2
A jumping spider comes into view.
A redback comes into view.
A tarantella comes into view.
The tarantella hisses angrily.
The tarantella moves out of view.
A redback comes into view.
The jumping spider hisses angrily.
The jumping spider leaps!
The orb spider hisses angrily.
The jumping spider pounces on you.
You are caught in a web!
The jumping spider bites you.
Found a scroll of enchant armour.
There is a web, spattered with blood here.
The web tears apart.
The jumping spider misses you.
The jumping spider completely misses you.
The jumping spider pounces on you!!
You die...

*, , , , * * ,, ...#
≈ ,* , , , * * ...#
** ,, *, ,, ?..###≈ *
, , , {≈*....≈# ,≈ ,,
, , , , ≈ ...≈≈, * ,
* ,{.####≈###...##, ,
, ,, ,,
,....≈##......# , * *
* .....≈.s@....#, , *
,,{ ...##......##
,,,≈ * . #,
##.sss...# * * , ..#.
#.s......#, * * ,,
.....##.......s# , ,,
#..........###.#,,, ,
*#.^#.s..#^#,≈≈#,,,,,
* , ,
......#......#.# , ,,
, ,,..#...)......# ,,


You could see a demonic crawler, a wolf spider (wandering), an orb spider, a
jumping spider, a tarantella and 2 redbacks.

Vanquished Creatures
  Azrael (Spider:1)
  A fire dragon (Lair:6)
  2 two-headed ogres (D:9)
  4 hydras
  A hell knight (Volcano)
  A salamander mystic (Volcano)
  An unseen horror (D:8)
  A lindwurm (Lair:6)
  Pikel (D:6)
  2 orb spiders (Spider:1)
  The ghost of Flure the Chiller, a novice VSIE of Zin (D:7)
  5 salamanders (Volcano)
  6 wolf spiders
  5 elephants (Lair:5)
  3 molten gargoyles (Lair:6)
  6 black mambas
  8 spiny frogs
  5 rime drakes
  11 komodo dragons
  A demonic crawler (Spider:2)
  4 polar bears
  5 jumping spiders
  A hornet (Spider:1)
  16 blink frogs (Lair:6)
  5 hippogriffs
  21 redbacks
  2 tarantellas
  Sigmund (D:2)
  25 yaks
  Eustachio (D:6)
  2 basilisks
  5 wyverns
  5 fire elementals (Spider:1)
  2 steam dragons (Lair:6)
  Duvessa (D:7)
  7 hell hounds
  8 water moccasins
  11 porcupines
  An orc warrior (D:6)
  A black bear (Lair:2)
  A sky beast (D:8)
  3 centaurs
  4 ice beasts
  6 necrophages (Lair:3)
  2 ogres (D:4)
  10 wolves
  14 crocodiles
  Blork the orc (D:6)
  13 bullfrogs
  A big kobold (D:8)
  A gnoll sergeant (D:8)
  5 water moccasin zombies (Ossuary)
  Dowan (D:7)
  A scorpion (D:4)
  5 killer bees (D:7)
  5 lava snakes (Lair:6)
  6 crimson imps
  A bullfrog zombie (D:6)
  A quasit (D:8)
  2 orc priests
  20 jellies
  A bullfrog skeleton (D:6)
  5 hounds
  2 iguanas
  A gnoll shaman (D:8)
  7 orc wizards
  5 worker ants
  3 big kobold zombies (Ossuary)
  2 hound skeletons
  2 mummies (Ossuary)
  A howler monkey zombie (D:5)
  12 gnolls
  10 adders
  3 shadow imps
  5 oozes (D:8)
  5 adder zombies (Ossuary)
  2 worms
  A dart slug (D:2)
  2 leopard geckos
  29 orcs
  13 bats
  4 giant cockroaches
  6 goblins
  8 hobgoblins
  12 jackals
  13 kobolds
  3 quokkas
  A ball python (D:1)
  7 frilled lizards
  3 hobgoblin zombies (Ossuary)
  3 kobold zombies (Ossuary)
  4 orc zombies (Ossuary)
  4 rats
472 creatures vanquished.

Vanquished Creatures (collateral kills)
  A redback (Spider:2)
  An orc (D:8)
2 creatures vanquished.

Vanquished Creatures (others)
  A basilisk (Lair:6)
  A hound (D:6)
  A bush (Lair:6)
  5 fungi
  11 plants
19 creatures vanquished.

Grand Total: 493 creatures vanquished

Notes
Turn   | Place    | Note
-------+----------+-------------------------------------------
     0 | D:1      | Jynx the Spriggan Enchanter began the quest for the Orb.
     0 | D:1      | Reached XP level 1. HP: 9/9 MP: 5/5
   278 | D:1      | Reached skill level 4 in Hexes
   278 | D:1      | Reached XP level 2. HP: 6/13 MP: 4/6
   455 | D:1      | Learned a level 2 spell: Ensorcelled Hibernation
   613 | D:1      | Gained mutation: You have large cloven feet. [potion of
                  | mutation]
   613 | D:1      | Gained mutation: Your muscles are strong. (Str +2) [potion
                  | of mutation]
  1348 | D:2      | Reached XP level 3. HP: 16/16 MP: 8/8
  1353 | D:2      | Learned a level 3 spell: Confuse
  1498 | D:2      | Found a runed door.
  2040 | D:2      | Noticed Sigmund
  2045 | D:2      | Killed Sigmund
  2045 | D:2      | Reached skill level 5 in Hexes
  2045 | D:2      | Reached XP level 4. HP: 16/21 MP: 9/11
  2045 | D:2      | Reached XP level 5. HP: 18/24 MP: 9/12
  2061 | D:2      | Reached skill level 6 in Hexes
  2462 | D:3      | Learned a level 3 spell: Tukima's Dance
  2466 | D:3      | Learned a level 3 spell: Dazzling Spray
  3117 | D:3      | Noticed an ice beast
  3119 | D:3      | Killed an ice beast
  3119 | D:3      | Reached XP level 6. HP: 28/28 MP: 13/13
  3268 | D:4      | Found a transporter.
  3273 | D:4      | Noticed a kobold demonologist
  3280 | D:4      | Found a transporter.
  3426 | D:4      | Reached skill level 5 in Spellcasting
  3426 | D:4      | Reached skill level 7 in Hexes
  3443 | D:4      | Found a sand-covered staircase.
  3533 | Ossuary  | Entered an ossuary
  3705 | Ossuary  | Reached XP level 7. HP: 32/32 MP: 15/15
  4679 | Ossuary  | Reached skill level 8 in Hexes
  5033 | D:4      | Found a staircase to the Ecumenical Temple.
  5048 | Temple   | Entered the Ecumenical Temple
  5073 | Temple   | Became a worshipper of Ashenzari the Shackled
  5325 | D:4      | Reached skill level 5 in Short Blades
  5325 | D:4      | Reached XP level 8. HP: 36/36 MP: 11/18
  5410 | D:5      | Entered Level 5 of the Dungeon
  5525 | D:5      | Reached skill level 9 in Hexes
  6188 | D:5      | Reached skill level 5 in Stealth
  6860 | D:6      | Noticed Blork the orc
  6867 | D:6      | Killed Blork the orc
  7184 | D:6      | Reached skill level 10 in Hexes
  7354 | D:6      | Noticed Eustachio
  7644 | D:6      | Reached * piety under Ashenzari
  7672 | D:6      | Reached XP level 9. HP: 39/39 MP: 15/20
  7733 | D:6      | Noticed Pikel
  7904 | D:6      | Killed Eustachio
  7928 | D:6      | Killed Pikel
  8396 | D:7      | Reached skill level 11 in Hexes
  8592 | D:7      | Found a glowing golden altar of the Shining One.
  8593 | D:7      | Found a stormy altar of Qazlal.
  8593 | D:7      | Found an ornate altar of the Wu Jian Council.
  8809 | D:7      | Found a runed door.
  8810 | D:7      | Noticed a wolf spider
  8812 | D:7      | Noticed Flure's ghost (novice VSIE)
  8817 | D:7      | Killed Flure's ghost
  8819 | D:7      | Killed a wolf spider
  8819 | D:7      | Reached XP level 10. HP: 44/44 MP: 21/23
  9002 | D:7      | Noticed Duvessa
  9002 | D:7      | Noticed Dowan
  9021 | D:7      | Killed Dowan
  9025 | D:7      | Killed Duvessa
  9025 | D:7      | Reached skill level 12 in Hexes
  9240 | D:7      | Found a hazy altar of Hepliaklqana.
  9437 | D:7      | Found an iron altar of Okawaru.
 10123 | D:8      | Reached ** piety under Ashenzari
 10227 | D:8      | Found Jeumoric's Armour Emporium.
 10799 | D:8      | Noticed an unseen horror
 10806 | D:8      | Killed an unseen horror
 10806 | D:8      | Reached skill level 10 in Stealth
 11709 | D:9      | Noticed a two-headed ogre
 11716 | D:9      | Killed a two-headed ogre
 11716 | D:9      | Reached skill level 10 in Spellcasting
 11738 | D:9      | Reached skill level 5 in Dodging
 11787 | D:9      | Found a staircase to the Lair.
 11857 | D:9      | Noticed a two-headed ogre
 11877 | D:9      | Killed a two-headed ogre
 12287 | D:9      | Identified a scroll of acquirement
 12287 | D:9      | Identified the cursed ring of Jarel {rC+ Int+3} (You
                  | acquired it on level 9 of the Dungeon)
 12362 | Lair:1   | Entered Level 1 of the Lair of Beasts
 12383 | Lair:1   | Reached XP level 11. HP: 47/47 MP: 26/26
 12435 | Lair:1   | Reached *** piety under Ashenzari
 13410 | Lair:1   | Learned a level 6 spell: Invisibility
 14127 | Lair:2   | Found a staircase to the Shoals.
 14190 | Lair:2   | Found the amulet of the Four Winds {rN+ MR+++ Clar}
 15007 | Lair:3   | Reached **** piety under Ashenzari
 15108 | Lair:3   | Found a hole to the Spider Nest.
 15492 | Lair:3   | Reached skill level 13 in Hexes
 15724 | Lair:3   | Noticed an oklob plant
 15739 | Lair:3   | Noticed an oklob plant
 15739 | Lair:3   | Noticed an oklob plant
 15739 | Lair:3   | Noticed an oklob plant
 15795 | Lair:4   | Identified the cursed +1 short sword "Supoaho" {antimagic,
                  | *Contam rPois Str+3 Int+3}
 15803 | Lair:4   | Found a white marble altar of Elyvilon.
 15863 | Lair:4   | Found a blossoming altar of Fedhas.
 15875 | Lair:4   | Noticed an oklob plant
 16010 | Lair:4   | Noticed a six-headed hydra
 16020 | Lair:4   | Killed a six-headed hydra
 16261 | Lair:4   | Reached XP level 12. HP: 36/51 MP: 18/29
 16956 | Lair:5   | Reached skill level 10 in Dodging
 17076 | Lair:5   | Reached ***** piety under Ashenzari
 17265 | Lair:5   | Reached skill level 14 in Hexes
 17807 | Lair:6   | Entered Level 6 of the Lair of Beasts
 17968 | Lair:6   | Noticed a five-headed hydra
 17983 | Lair:6   | Killed a five-headed hydra
 18039 | Lair:6   | Found a dark tunnel.
 18056 | Volcano  | Entered a volcano
 18275 | Volcano  | Reached skill level 15 in Stealth
 18277 | Volcano  | Reached skill level 15 in Hexes
 18641 | Lair:6   | Reached XP level 13. HP: 55/55 MP: 24/31
 19461 | Lair:6   | Identified the cursed +1 robe of Indemnity {+Fly rF- rCorr
                  | Int-3}
 19765 | Lair:6   | Found a staircase to the Slime Pits.
 19922 | Lair:6   | Noticed a fire dragon
 19946 | Lair:6   | Reached skill level 16 in Hexes
 20159 | Lair:6   | Found a large runed door.
 20161 | Lair:6   | Found a large runed door.
 20258 | Lair:6   | Killed a fire dragon
 20686 | Spider:1 | Entered Level 1 of the Spider Nest
 21210 | Spider:1 | Noticed Azrael
 21216 | Spider:1 | Killed Azrael
 21508 | Spider:1 | Reached XP level 14. HP: 59/59 MP: 33/33
 22184 | Spider:2 | Noticed an entropy weaver
 22206 | Spider:2 | Reached skill level 17 in Hexes
 22235 | Spider:2 | Noticed an entropy weaver
 22240 | Spider:2 | Identified the cursed +0 flail of Triumph {freeze, +Fly}
 22246 | Spider:2 | Slain by a jumping spider

Skill      XL: |  1  2  3  4  5  6  7  8  9 10 11 12 13 14 |
---------------+-------------------------------------------+-----
Hexes          | 4 5 6 7 8 10 11 12 13 15 16 17 | 17.0
Spellcasting   | 3 4 5 6 7 8 10 12 13 14 | 14.2
Short Blades   | 3 4 5 6 7 |  7.9
Stealth        | 6 8 11 13 15 16 | 16.7
Dodging        | 5 9 11 13 | 13.3

Action                   |  1- 3 |  4- 6 |  7- 9 | 10-12 | 13-15 || total
-------------------------+-------+-------+-------+-------+-------++-------
Melee: Dagger            |    73 |   133 |   578 |   596 |   317 ||  1697
       Kick              |    14 |    44 |   150 |   193 |    85 ||   486
 Cast: Corona            |     1 |       |     3 |       |       ||     4
       Ensorcelled Hiber |     5 |       |     1 |     1 |       ||     7
       Tukima's Dance    |       |     6 |     4 |     2 |       ||    12
       Confuse           |       |     1 |    27 |    81 |    55 ||   164
       Invisibility      |       |       |       |     4 |    11 ||    15
       Dazzling Spray    |       |       |       |     3 |     4 ||     7
Invok: Curse Item        |       |       |     2 |     3 |     1 ||     6
  Use: Potion            |     2 |       |       |       |     3 ||     5
       Scroll            |     4 |     3 |     4 |    17 |     2 ||    30
 Stab: Sleeping          |    14 |     4 |    14 |    48 |    15 ||    95
       Confused          |       |     1 |    19 |    56 |    30 ||   106
       Distracted        |       |       |       |     3 |     5 ||     8
       Held in net/web   |       |       |       |     1 |       ||     1
       Invisible         |       |       |       |    22 |    52 ||    74
  Eat: Ration            |       |       |     4 |     5 |     4 ||    13
Armor: Robe              |     7 |    15 |    45 |    22 |     4 ||    93
Dodge: Dodged            |    41 |    85 |   342 |   319 |   204 ||   991
